 Dungeon Crawl Stone Soup version 0.22-a0-135-g6f012ad (webtiles) character file.

797 sankara the Grave Robber (level 7, -1/49 HPs)
             Began as a Demonspawn Necromancer on Feb 1, 2018.
             Slain by a komodo dragon (18 damage)
             ... on level 5 of the Dungeon.
             The game lasted 00:27:30 (5142 turns).

sankara the Grave Robber (Demonspawn Necromancer)   Turns: 5142, Time: 00:27:31

Health: -1/49      AC:  9    Str:  8    XL:     7   Next: 58%
Magic:  5/14       EV: 12    Int: 16    God:
Gold:   188        SH:  0    Dex: 16    Spells: 3/15 levels left

rFire    . . .     SeeInvis .   h - +0 flail (drain)
rCold    . . .     Gourm    .   (no shield)
rNeg     + . .     Faith    .   u - +2 robe {rN+}
rPois    .         Spirit   .   j - +1 helmet
rElec    .         Reflect  .   f - +0 cloak
rCorr    .         Harm     .   (no gloves)
MR       .....                  (no boots)
Stlth    ++........             (no amulet)
HPRegen  1.16/turn              e - ring of wizardry
MPRegen  0.14/turn              (no ring)

@: very slightly contaminated, regenerating (expiring)
A: molten scales 1
a: no special abilities


You were on level 5 of the Dungeon.
You were hungry.

You visited 1 branch of the dungeon, and saw 5 of its levels.

You collected 188 gold pieces.

Inventory:

Hand Weapons
 a - a +0 whip
 h - a +0 flail of draining (weapon)
 s - a +0 blowgun
 z - a +0 morningstar
Missiles
 d - 140 stones
 g - 32 poisoned needles
 n - 5 tomahawks (quivered)
 p - 60 sling bullets
Armour
 f - a +0 cloak (worn)
 j - a +1 helmet (worn)
 u - a +2 robe of positive energy (worn)
Jewellery
 e - a ring of wizardry (left hand)
Wands
 v - a wand of random effects (31)
 x - a wand of scattershot (5)
 y - a wand of paralysis (14)
Scrolls
 b - a scroll of fear {unknown}
 i - 3 scrolls of identify
 l - 4 scrolls of remove curse {unknown}
 m - 3 scrolls of teleportation {unknown}
 o - 2 scrolls of enchant weapon {unknown}
 q - 3 scrolls of fog {unknown}
 w - a scroll of immolation {unknown}
 A - a scroll of noise {unknown}
Potions
 r - a potion of curing {unknown}
 t - a potion of heal wounds {unknown}
Comestibles
 c - 10 rations
 k - 2 chunks of flesh


   Skills:
 + Level 1.8 Fighting
 * Level 4.0 Maces & Flails
 - Level 1.7 Dodging
 - Level 1.7 Stealth
 + Level 4.7 Spellcasting
 + Level 6.9 Necromancy


You had 3 spell levels left.
You knew the following spells:

 Your Spells              Type           Power        Failure   Level  Hunger
a - Pain                  Necr           ####         1%          1    None
b - Animate Skeleton      Necr           N/A          1%          1    None
c - Vampiric Draining     Necr           ####......   1%          3    ###....
d - Regeneration          Chrm/Necr      ##........   4%          3    ###....
e - Animate Dead          Necr           N/A          3%          4    ####...


Dungeon Overview and Level Annotations

Branches:
Dungeon (5/15)
 Temple: D:4-7

Altars:
Fedhas


Innate Abilities, Weirdness & Mutations

You are partially covered in molten scales. (AC +2)


Message History

You miscast Regeneration.
You are very lightly contaminated with residual magic.
Strange energies run through your body. The komodo dragon barely misses you.
Casting: Regeneration (safe; 4% risk of failure)
Confirm with . or Enter, or press ? or * to list all spells.
Your skin crawls.
The komodo dragon bites you!
You barely miss the komodo dragon.
The komodo dragon is heavily wounded.
The komodo dragon bites you!
You hit the komodo dragon.
The komodo dragon is heavily wounded.
The komodo dragon barely misses you.
You hit the komodo dragon.
The komodo dragon is heavily wounded.
The komodo dragon barely misses you.
You hit the komodo dragon. You drain the komodo dragon!
The komodo dragon is severely wounded.
Your skin is crawling a little less now.
The komodo dragon bites you! The komodo dragon bites you!!
You die...

#### .... #...........# ...##....
#...(.......# .........
#...####.#### .........
###'############# ...####
#................ ...#
#................ ...#
#######................ '####
#......l............... ....#
+.....@..........)..... ....#
#....<................. ...##
##...########..####.###
...#########...##...###..####+##.
...#......##...##................
#####.....##...##..........).....
...##...........#................
...'............#...........>....
...#............#................


You could see a komodo dragon.

Vanquished Creatures
  Sigmund (D:4)
  A phantom (D:5)
  A crocodile (D:5)
  A howler monkey (D:3)
  An orc priest (D:4)
  Crazy Yiuf (D:3)
  2 hounds (D:4)
  An orc wizard (D:4)
  A bullfrog skeleton (D:4)
  Ijyb (D:3)
  Jessica (D:3)
  A worker ant (D:5)
  A hound skeleton (D:4)
  A worker ant zombie (D:4)
  7 adders
  A worm (D:2)
  2 dart slugs
  4 leopard geckos
  8 orcs
  6 giant cockroaches
  9 goblins
  7 hobgoblins
  8 jackals (D:4)
  4 quokkas
  2 ball pythons (D:3)
  4 bats
  6 frilled lizards
  9 kobolds
  3 rats
95 creatures vanquished.

Vanquished Creatures (collateral kills)
  A worker ant (D:5)
  An adder (D:5)
  A shadow imp (D:5)
  2 bats (D:1)
5 creatures vanquished.

Grand Total: 100 creatures vanquished

Notes
Turn   | Place    | Note
-------+----------+-------------------------------------------
     0 | D:1      | sankara the Demonspawn Necromancer began the quest for the Orb.
     0 | D:1      | Reached XP level 1. HP: 13/13 MP: 3/3
     2 | D:1      | Learned a level 1 spell: Animate Skeleton
   616 | D:1      | Gained mutation: You are partially covered in molten scales. (AC +2) [demonic ancestry]
   616 | D:1      | Reached XP level 2. HP: 9/19 MP: 3/5
  1429 | D:2      | Reached XP level 3. HP: 23/24 MP: 4/7
  1472 | D:2      | Learned a level 3 spell: Vampiric Draining
  1474 | D:2      | Reached skill level 5 in Necromancy
  2146 | D:2      | Found a blossoming altar of Fedhas.
  2511 | D:3      | Reached XP level 4. HP: 23/30 MP: 1/8
  2622 | D:3      | Learned a level 3 spell: Regeneration
  2642 | D:3      | Noticed Jessica
  2718 | D:3      | Killed Jessica
  2718 | D:3      | Reached skill level 1 in Maces & Flails
  2912 | D:3      | Found a runed door.
  3153 | D:3      | Noticed Ijyb
  3180 | D:3      | Killed Ijyb
  3180 | D:3      | Reached XP level 5. HP: 18/35 MP: 0/10
  3483 | D:3      | Noticed Crazy Yiuf
  3487 | D:3      | Killed Crazy Yiuf
  3517 | D:4      | Noticed Sigmund
  3592 | D:4      | Killed Sigmund
  3592 | D:4      | Reached skill level 6 in Necromancy
  3592 | D:4      | Reached XP level 6. HP: 40/41 MP: 1/12
  3857 | D:3      | Learned a level 4 spell: Animate Dead
  4224 | D:4      | Reached XP level 7. HP: 28/47 MP: 2/13
  4225 | D:4      | Reached skill level 1 in Fighting
  4812 | D:5      | Entered Level 5 of the Dungeon
  5109 | D:5      | Noticed a komodo dragon
  5142 | D:5      | Slain by a komodo dragon

Vault maps used:
D:1:      dpeg_arrival_pond
D:2:      fedhas_altar_4
D:3:      kennysheep_the_goblin_king, first_ration, uniq_jessica,
          uniq_crazy_yiuf_cottage
D:4:      uniq_sigmund
D:5:      overflow_temple_1_default, uniq_blork_the_orc, uniq_grinder

Skill      XL: |  1  2  3  4  5  6  7 |
---------------+----------------------+-----
Necromancy     | 5 6 |  6.9
Spellcasting   | 3 4 |  4.7
Maces & Flails | 1 2 3 4 |  4.0
Fighting       | 1 |  1.8
Dodging        | |  1.7
Stealth        | |  1.7

Action                   |  1- 3 |  4- 6 |  7- 9 || total
-------------------------+-------+-------+-------++-------
Melee: Mace              |    25 |       |       ||    25
       Unarmed           |     4 |       |       ||     4
       Whip              |       |   104 |    28 ||   132
       Flail             |       |       |    53 ||    53
Throw: Stone             |     1 |       |       ||     1
       Tomahawk          |       |     7 |     8 ||    15
 Cast: Pain              |    67 |    82 |    10 ||   159
       Animate Skeleton  |     5 |     7 |       ||    12
       Vampiric Draining |     2 |     3 |       ||     5
       Regeneration      |       |     6 |     5 ||    11
       Animate Dead      |       |     3 |     2 ||     5
  Use: Potion            |       |     2 |       ||     2
       Scroll            |       |       |     1 ||     1
 Stab: Sleeping          |     4 |       |       ||     4
       Distracted        |       |     1 |     1 ||     2
  Eat: Chunk             |     5 |     8 |     3 ||    16
Armor: Robe              |    23 |    51 |    29 ||   103
Dodge: Dodged            |    54 |   110 |    40 ||   204

Table legend:
 A = Spawn XP
 B = Non-spawn XP
 C = Spawn XP percentage of total XP
 D = Spawn monster count
 E = Non-spawn monster count
 F = Spawn count percentage of total count
 G = Total turns spent on level
                    A         B        C        D         E        F      G
               +---------+---------+-------+---------+---------+-------+---------
         Total |       0 |    1139 |   0.0 |       0 |     100 |   0.0 |  5142
               +---------+---------+-------+---------+---------+-------+---------
           D:1 |       0 |      26 |   0.0 |       0 |      18 |   0.0 |  1328
           D:2 |       0 |      51 |   0.0 |       0 |      12 |   0.0 |  1023
           D:3 |       0 |     237 |   0.0 |       0 |      32 |   0.0 |  1275
           D:4 |       0 |     523 |   0.0 |       0 |      28 |   0.0 |  1186
           D:5 |       0 |     302 |   0.0 |       0 |      10 |   0.0 |   330
               +---------+---------+-------+---------+---------+-------+---------
